 Dungeon Crawl Stone Soup version 0.22.0-75-g3901e7991e (webtiles) character file.

65 Revguard the Firebug (level 4, 0/32 HPs)
             Began as a Human Fire Elementalist on Sept 15, 2018.
             Was a Follower of Makhleb.
             Slain by a centaur skeleton (2 damage)
             ... on level 4 of the Dungeon.
             The game lasted 00:12:11 (2690 turns).

Revguard the Firebug (Human Fire Elementalist)      Turns: 2690, Time: 00:12:12

Health: 0/32       AC:  3    Str:  8    XL:     4   Next: 34%
Magic:  6/7        EV: 12    Int: 16    God:    Makhleb [*.....]
Gold:   138        SH:  0    Dex: 14    Spells: 1/7 levels left

rFire    . . .     SeeInvis .   o - +0 flail
rCold    . . .     Gourm    .   (no shield)
rNeg     . . .     Faith    .   a - +0 robe
rPois    .         Spirit   .   (no helmet)
rElec    .         Reflect  .   (no cloak)
rCorr    .         Harm     .   i - +0 pair of gloves
MR       .....                  (no boots)
Stlth    ++........             (no amulet)
HPRegen  0.10/turn              (no ring)
MPRegen  0.10/turn              (no ring)

@: no status effects
A: no striking features
a: Renounce Religion


You were on level 4 of the Dungeon.
You worshipped Makhleb.
Makhleb was aware of your devotion.
You were very hungry.

You visited 1 branch of the dungeon, and saw 4 of its levels.

You collected 138 gold pieces.

Inventory:

Hand Weapons
 o - a +0 flail (weapon)
Armour
 a - a +0 robe (worn)
 i - a +0 pair of gloves (worn)
Scrolls
 d - 4 scrolls of teleportation {unknown}
 h - 2 scrolls of remove curse
 k - a scroll of amnesia {unknown}
 n - a scroll of identify
Potions
 b - 3 potions of curing
 e - 2 potions of degeneration {unknown}
 g - a potion of magic {unknown}
 j - 2 potions of flight {unknown}
 l - a potion of lignification {unknown}
 m - a potion of ambrosia {unknown}
Comestibles
 c - 5 rations


   Skills:
 * Level 1.1 Fighting
 * Level 1.0 Maces & Flails
 + Level 2.2 Dodging
 + Level 2.3 Stealth
 + Level 2.3 Spellcasting
 + Level 1.5 Conjurations
 + Level 3.5 Fire Magic


You had one spell level left.
You knew the following spells:

 Your Spells              Type           Power        Failure   Level  Hunger
a - Flame Tongue          Conj/Fire      ##...        7%          1    #......
b - Throw Flame           Conj/Fire      ##....       11%         2    ###....
c - Conjure Flame         Conj/Fire      ##......     22%         3    ###....

Your spell library contained the following spells:

 Spells                   Type           Power        Failure   Level  Hunger
 Inner Flame              Hex/Fire       #.......     28%         3    ###....
 Sticky Flame             Conj/Fire      ##......     56%         4    #####..
 Fireball                 Conj/Fire      ##........   89%         5    ######.


Dungeon Overview and Level Annotations

Branches:
Dungeon (4/15)
 Temple: D:4-7

Altars:
Ashenzari
Makhleb
Ru
Wu Jian


Message History

The centaur skeleton is lightly damaged.
You sock the centaur skeleton!
The centaur skeleton is heavily damaged.
The centaur skeleton closely misses you.
You hit the centaur skeleton.
The centaur skeleton is severely damaged.
The centaur skeleton hits you. x2
You hit the centaur skeleton.
The centaur skeleton is severely damaged.
The centaur skeleton hits you. x2
You hit the centaur skeleton but do no damage.
The centaur skeleton is severely damaged.
The centaur skeleton hits you!
* * * LOW HITPOINT WARNING * * *
The centaur skeleton hits you.
* * * LOW HITPOINT WARNING * * *
You completely miss the centaur skeleton.
The centaur skeleton is severely damaged.
The centaur skeleton hits you.
You die...

## ≈≈..##
##. 8≈...
#.. ≈≈..##
##.. ≈...!#
#...#.....#
#.........#
#...Z....#
#...@...#
#.....###
##...##
##..# #.##
.. .. #.#


You could see a centaur skeleton.

Vanquished Creatures
  An adder (D:2)
  A dart slug (D:1)
  3 leopard geckos
  An orc (D:3)
  3 giant cockroaches
  5 goblins
  4 hobgoblins (D:2)
  8 kobolds
  2 quokkas
  8 bats
  5 frilled lizards
  6 rats
47 creatures vanquished.

Notes
Turn   | Place    | Note
-------+----------+-------------------------------------------
     0 | D:1      | Revguard the Human Fire Elementalist began the quest for
                  | the Orb.
     0 | D:1      | Reached XP level 1. HP: 13/13 MP: 3/3
   311 | D:1      | Reached XP level 2. HP: 13/19 MP: 0/5
   343 | D:1      | Learned a level 2 spell: Throw Flame
   806 | D:2      | Reached XP level 3. HP: 25/25 MP: 2/6
   839 | D:2      | Learned a level 3 spell: Conjure Flame
  1747 | D:2      | Reached XP level 4. HP: 30/31 MP: 0/7
  1773 | D:2      | Reached skill level 1 in Fighting
  2454 | D:3      | Found a sacrificial altar of Ru.
  2454 | D:3      | Found a shattered altar of Ashenzari.
  2462 | D:3      | Found an ornate altar of the Wu Jian Council.
  2465 | D:3      | Found a faded altar of an unknown god.
  2468 | D:3      | Reached skill level 1 in Maces & Flails
  2469 | D:3      | Found a faded altar of an unknown god.
  2481 | D:3      | Became a worshipper of Makhleb the Destroyer
  2481 | D:3      | Reached * piety under Makhleb
  2690 | D:4      | Slain by a centaur skeleton

Skill      XL: |  1  2  3  4 |
---------------+-------------+-----
Fighting       | 1 |  1.1
Maces & Flails | 1 |  1.0
Dodging        | |  2.2
Stealth        | |  2.3
Spellcasting   | |  2.3
Conjurations   | |  1.5
Fire Magic     | |  3.5

Action                   |  1- 3 |  4- 6 || total
-------------------------+-------+-------++-------
Melee: Club              |    63 |    17 ||    80
       Unarmed           |     3 |       ||     3
       Flail             |       |    15 ||    15
 Cast: Flame Tongue      |    30 |     7 ||    37
       Throw Flame       |    12 |     5 ||    17
       Conjure Flame     |     2 |       ||     2
  Use: Scroll            |     3 |       ||     3
 Stab: Sleeping          |     1 |       ||     1
  Eat: Chunk             |     2 |     1 ||     3
       Ration            |     1 |       ||     1
Armor: Robe              |    17 |    14 ||    31
Dodge: Dodged            |    66 |    42 ||   108
